 Dungeon Crawl Stone Soup version 0.23.2-30-g0e89c35649 (webtiles) character file.

Game seed: 5655651815426729542

87 Mrkan the Slasher (level 4, 0/36 HPs)
             Began as a Demonspawn Gladiator on June 24, 2019.
             Succumbed to a worker ant's poison
             ... on level 2 of the Dungeon.
             The game lasted 00:03:30 (1268 turns).

Mrkan the Slasher (Demonspawn Gladiator)            Turns: 1268, Time: 00:03:30

Health: 0/36       AC: 10    Str: 16    XL:     4   Next: 28%
Magic:  4/4        EV:  7    Int:  9    God:
Gold:   41         SH:  0    Dex: 14    Spells: 3/3 levels left

rFire    . . .     SeeInvis .   a - +0 long sword
rCold    . . .     Gourm    .   (no shield)
rNeg     . . .     Faith    .   i - +0 chain mail
rPois    .         Spirit   .   (helmet restricted)
rElec    .         Reflect  .   (no cloak)
rCorr    .         Harm     .   c - +0 pair of gloves
MR       .....                  (no boots)
Stlth    ..........             (no amulet)
HPRegen  0.12/turn              (no ring)
MPRegen  0.09/turn              (no ring)

@: lethally poisoned (0 -> -14)
A: horns 1, rugged brown scales 1, nightstalker 1
a: no special abilities


You were on level 2 of the Dungeon.
You were not hungry.

You visited 1 branch of the dungeon, and saw 2 of its levels.

You collected 41 gold pieces.

Inventory:

Hand Weapons
 a - a +0 long sword (weapon)
Missiles
 d - 3 throwing nets (quivered)
Armour
 b - a +0 leather armour
 c - a +0 pair of gloves (worn)
 i - a +0 chain mail (worn)
Scrolls
 e - 2 scrolls of magic mapping {unknown}
 h - a scroll of identify {unknown}
Comestibles
 f - 4 rations
 g - 5 chunks of flesh


   Skills:
 + Level 3.0 Fighting
 * Level 4.1 Long Blades
 - Level 1.7 Throwing
 - Level 2.6 Dodging


You had 3 spell levels left.
You didn't know any spells.
Your spell library was empty.

Dungeon Overview and Level Annotations

Branches:
Dungeon (2/15)

Altars:


Innate Abilities, Weirdness & Mutations

You have a pair of small horns on your head.
You are partially covered in rugged brown scales. (AC +1, +3% HP)
You are slightly more attuned to the shadows.


Message History

* * * LOW HITPOINT WARNING * * *
The worker ant bites you.
* * * LOW HITPOINT WARNING * * *
You are more poisoned.
The worker ant poisons you!
You aren't carrying any potions.
* * * LOW HITPOINT WARNING * * *
You feel sick.
* * * LOW HITPOINT WARNING * * *
You feel sick.
You hit the worker ant but do no damage.
The worker ant is almost dead.
* * * LOW HITPOINT WARNING * * *
You feel sick. The worker ant closely misses you.
You riposte.
You closely miss the worker ant.
You headbutt the worker ant, but do no damage.
The worker ant is almost dead.
You closely miss the worker ant.
The worker ant is almost dead.
You die...

..#.####### ...........
..##)#####.## #.. ≈≈
####.# ....# #.≈###≈≈
####.# ..#.###.#...#
#....# ........#.⌠.#
#.##.#####......#.#... #
##.......####....###...
#.#..........##.@a.....(.
#.#.##.#...#.##.####.##..
#.#.##.##.##.##.# #
.......##.......####
##..#####.##.#.....#
....# #.##.#.....# ....#
#.##.......# ...##
#.####.....# ##.# ..#
#.....#


You could see a worker ant.

Vanquished Creatures
  Terence (D:2)
  An adder (D:2)
  2 oozes (D:1)
  A worm (D:2)
  A dart slug (D:1)
  3 leopard geckos
  2 giant cockroaches
  3 goblins
  8 hobgoblins
  3 jackals (D:1)
  4 bats
  3 frilled lizards (D:1)
  3 kobolds
  A rat (D:1)
36 creatures vanquished.

Vanquished Creatures (others)
  4 toadstools (D:1)
4 creatures vanquished.

Grand Total: 40 creatures vanquished

Notes
Turn   | Place    | Note
-------+----------+-------------------------------------------
     0 | D:1      | Mrkan the Demonspawn Gladiator began the quest for the Orb.
     0 | D:1      | Reached XP level 1. HP: 16/16 MP: 1/1
    81 | D:1      | Reached skill level 3 in Long Blades
   132 | D:1      | Gained mutation: You are partially covered in rugged brown
                  | scales. (AC +1, +3% HP) [demonic ancestry]
   132 | D:1      | Reached XP level 2. HP: 6/22 MP: 2/2
   828 | D:1      | Gained mutation: You have a pair of small horns on your
                  | head. [demonic ancestry]
   828 | D:1      | Reached XP level 3. HP: 22/28 MP: 3/3
  1004 | D:2      | Noticed Terence
  1023 | D:2      | Killed Terence
  1023 | D:2      | Reached skill level 4 in Long Blades
  1057 | D:2      | Gained mutation: You are slightly more attuned to the
                  | shadows. [demonic ancestry]
  1057 | D:2      | Reached XP level 4. HP: 35/36 MP: 4/4
  1267 | D:2      | HP: 1/36 [poisoned by a worker ant]
  1268 | D:2      | Succumbed to a worker ant's poison

Skill      XL: |  1  2  3 |
---------------+----------+-----
Long Blades    | 3 4 |  4.1
Fighting       | 3 |  3.0
Throwing       | |  1.7
Dodging        | |  2.6

Action                   |  1- 3 |  4- 6 || total
-------------------------+-------+-------++-------
Melee: Long sword        |    89 |    28 ||   117
       Headbutt          |     2 |     9 ||    11
  Eat: Chunk             |     1 |       ||     1
Armor: Leather armour    |    36 |       ||    36
       Chain mail        |     2 |    10 ||    12
Dodge: Dodged            |    70 |     6 ||    76
       Rpst.: Long sword |    14 |     3 ||    17
